 Dungeon Crawl Stone Soup version 0.30.0-29-ga12c61a403 (webtiles) character file.

Game seed: 13682341277297116218

720 rakeeshebeastxD the Slasher (level 7, 0/61 HPs)
             Began as a Minotaur Fighter on June 25, 2023.
             Was an Initiate of Yredelemnul.
             Slain by a scorpion (2 damage)
             ... on level 5 of the Dungeon.
             The game lasted 00:20:53 (1134 turns).

rakeeshebeastxD the Slasher (Minotaur Fighter)      Turns: 1134, Time: 00:20:53

Health: 0/61       AC:  7    Str: 22    XL:     7   Next: 42%
Magic:  6/6        EV: 10    Int:  5    God:    Yredelemnul [......]
Gold:   112        SH:  5    Dex: 10    Spells: 6/6 levels left

rFire   . . .        a - +2 long sword
rCold   . . .        c - +0 buckler
rNeg    . . .        b - +0 scale mail
rPois   .            (helmet restricted)
rElec   .            (no cloak)
rCorr   .            (no gloves)
SInv    .            (no boots)
Will    .....        (no amulet) Stlth
                     (no ring)
HPRegen 0.30/turn    (no ring)
MPRegen 0.10/turn

%: no passive effects
@: lethally poisoned (0 -> -4)
A: horns 2, retaliatory headbutt
a: Renounce Religion, Recall Undead Harvest


You were on level 5 of the Dungeon.
You worshipped Yredelemnul.
Yredelemnul was noncommittal.
You visited 2 branches of the dungeon, and saw 6 of its levels.

You collected 112 gold pieces.

Inventory:

Hand Weapons
 a - a +2 long sword (weapon)
 q - a +0 giant club
Armour
 b - a +0 scale mail (worn)
 c - a +0 buckler (worn)
 o - a +0 chain mail
Scrolls
 e - a scroll of fear
 h - 2 scrolls of identify
 i - a scroll of vulnerability {unknown}
 k - a scroll of teleportation
 m - a scroll of noise {unknown}
 n - a scroll of magic mapping
Potions
 d - a potion of might
 f - 4 potions of haste {unknown}
 g - a potion of heal wounds {unknown}
 j - a potion of berserk rage {unknown}
 l - a potion of curing {unknown}
 p - a potion of mutation {unknown}


   Skills:
 + Level 5.4 Fighting
 + Level 6.8 Long Blades
 + Level 5.3 Armour
 + Level 2.0 Dodging
 + Level 0.2 Stealth
 + Level 5.3 Shields


You had 6 spell levels left.
You didn't know any spells.
Your spell library contained the following spells:

 Spells                   Type           Power      Damage    Failure   Level
 Shock                    Conj/Air       0%         1d3       85%         1
 Swiftness                Air            0%         N/A       99%         3
 Airstrike                Air            0%         2d(0-16)  100%        4


Dungeon Overview and Level Annotations

Branches:
Dungeon (5/15)             Temple (1/1) D:4

Altars:
Elyvilon
Gozag
Hepliaklqana
Kikubaaqudgha
Nemelex Xobeh
Okawaru
Qazlal
Ru
Sif Muna
Trog
Vehumet
Xom
Yredelemnul
Zin

Shops:
D:4 *


Innate Abilities, Weirdness & Mutations

You have a pair of horns on your head.
You reflexively headbutt those who attack you in melee.


Message History

The scorpion misses you.
The adder bites you but does no damage. x2
The scorpion barely misses you.
You closely miss the scorpion.
The scorpion is severely wounded.
The adder bites you but does no damage. The scorpion barely misses you.
The ogre closely misses you. The scorpion attacks as you move away!
The scorpion closely misses you.
You slash the adder!
You kill the adder!
The scorpion closely misses you. You furiously retaliate!
You headbutt the scorpion. You barely miss the scorpion.
The scorpion is almost dead.
The scorpion stings you.
* * * LOW HITPOINT WARNING * * *
You are poisoned.
The scorpion poisons you!
You feel very sick. You block the scorpion's attack.
The ogre hits you with a +0 giant club.
* * * LOW HITPOINT WARNING * * *
The scorpion stings you.
* * * LOW HITPOINT WARNING * * *
You barely miss the scorpion.
The scorpion is almost dead.
* * * LOW HITPOINT WARNING * * *
You feel very sick. You block the scorpion's attack.
The ogre closely misses you. You furiously retaliate!
You headbutt the ogre! You hit the scorpion but do no damage.
The scorpion is almost dead.
* * * LOW HITPOINT WARNING * * *
You feel sick.
The scorpion stings you but does no damage.
You block the ogre's attack.
You closely miss the scorpion.
The scorpion is almost dead.
* * * LOW HITPOINT WARNING * * *
You feel sick. The scorpion stings you.
You die...
Your body rises from the dead as a mindless zombie.

#...#........Z.# #
#...#.#....###.# #.#...#
+......#.# #.#...###......#.#
#.....+........#Z#
#.....###......#.#
#.....'........#Z#
#.....###.O...<#.#
#..#......s@.#.#.##.# .#
#..#.........#.#.##.#..#.#
#..#.........#.#.##.#..#.# ..
#.........#....#.#..#.#
...................)....... .
##...#.#####.............#.##.
#.....# #'#........##.#.#..
###### ...............#)..#
#................).#


You could see an ogre and a scorpion.

Vanquished Creatures
  An ogre (D:5)
  A phantom (D:5)
  2 scorpions (D:4)
  2 vampire bats (D:4)
  2 jellies
  2 orc priests (D:5)
  2 iguanas
  An orc wizard (D:5)
  An adder (D:5)
  3 gnolls (D:2)
  A worm (D:1)
  A dart slug (D:2)
  3 bat skeletons (D:4)
  4 bat zombies (D:4)
  3 endoplasms
  7 giant cockroaches
  2 jackals (D:1)
  4 kobolds
  3 quokkas
  2 ball pythons
  A goblin (D:1)
  5 rats
53 creatures vanquished.

Vanquished Creatures (collateral kills)
  A scorpion (D:5)
  A jelly (D:4)
2 creatures vanquished.

Vanquished Creatures (others)
  A giant cockroach zombie (D:4)
1 creature vanquished.

Grand Total: 56 creatures vanquished

Notes
Turn   | Place    | Note
-------+----------+-------------------------------------------
     0 | D:1      | rakeeshebeastxD the Minotaur Fighter began the quest for
                  | the Orb.
     0 | D:1      | Reached XP level 1. HP: 19/19 MP: 0/0
     1 | D:1      | Found a runed translucent door.
    15 | D:1      | Reached XP level 2. HP: 24/27 MP: 1/1
   214 | D:1      | Reached skill level 3 in Long Blades
   236 | D:2      | Reached XP level 3. HP: 27/34 MP: 2/2
   382 | D:3      | Found a faded altar of an unknown god.
   396 | D:3      | Prayed at the altar of an unknown god.
   396 | D:3      | Became a worshipper of Yredelemnul the Dark
   396 | D:3      | Reached * piety under Yredelemnul
   405 | D:4      | Noticed a scorpion
   417 | D:4      | Killed a scorpion
   418 | D:4      | Reached skill level 4 in Long Blades
   418 | D:4      | Reached XP level 4. HP: 25/41 MP: 3/3
   535 | D:4      | Found an ancient bone altar of Kikubaaqudgha.
   548 | D:4      | Reached XP level 5. HP: 46/47 MP: 4/4
   556 | D:4      | Reached skill level 1 in Dodging
   605 | D:4      | Reached skill level 5 in Long Blades
   605 | D:4      | Reached XP level 6. HP: 55/55 MP: 5/5
   663 | D:4      | Found Gozag's Platinum Reserve.
   666 | D:4      | Found an opulent altar of Gozag.
   782 | D:4      | Found a staircase to the Ecumenical Temple.
   793 | Temple   | Entered the Ecumenical Temple
   936 | D:5      | Entered Level 5 of the Dungeon
  1019 | D:5      | Reached skill level 5 in Shields
  1029 | D:5      | Reached skill level 5 in Fighting
  1033 | D:5      | Reached skill level 6 in Long Blades
  1033 | D:5      | Reached XP level 7. HP: 43/61 MP: 6/6
  1040 | D:5      | Reached skill level 5 in Armour
  1133 | D:5      | HP: 2/61 [poisoned by a scorpion]
  1134 | D:5      | Slain by a scorpion

Illustrated notes

Levels and vault maps discovered:
D:1:      dpeg_arrival_caged_fury, layout_basic
D:2:      layout_loops_ring
D:3:      layout_loops_ring, amethyst_overflow_temple_binary, tso_oasis_becter,
          cheibrodos_sewer_entry_drain, ebering_ecumenical_altar_webs,
          nicolae_elevator_lobby_asterisk
D:4:      layout_loops_ring, kennysheep_vampire_church,
          nicolae_gozag_zags_fifth_avenue, minmay_temple_entry_grid,
          chequers_serial_rivers_small_3, kennysheep_pointless_box,
          kennysheep_cross_bottleneck
D:5:      layout_basic
Temple:   hellmonk_temple_two_chambers

Skill      XL: |  1  2  3  4  5  6  7 |
---------------+----------------------+-----
Fighting       | 4 5 |  5.4
Armour         | 4 5 |  5.3
Long Blades    | 3 4 5 6 |  6.8
Shields        | 4 5 |  5.3
Dodging        | 1 2 |  2.0
Stealth        | |  0.2

Action                     |  1- 3 |  4- 6 |  7- 9 || total
---------------------------+-------+-------+-------++-------
  Melee: Long sword        |    63 |    59 |    25 ||   147
         Headbutt          |    11 |     4 |     4 ||    19
    Use: Scroll            |       |     7 |       ||     7
 Armour: Scale mail        |    24 |    62 |    10 ||    96
  Dodge: Dodged            |    40 |    53 |    14 ||   107
  Block: Buckler           |    13 |    27 |     7 ||    47
